 Dungeon Crawl Stone Soup version 0.31-a0-963-ga325b2283a (webtiles) character file.

Game seed: 1742441463124444727

243 strifetoe the Cudgeller (level 5, -3/66 HPs)
             Began as an Armataur Berserker on Oct 25, 2023.
             Was a Believer of Trog.
             Killed by nerve-wracking pain
             ... invoked by Grinder
              (12 damage)
             ... on level 4 of the Dungeon.
             The game lasted 00:03:11 (2404 turns).

strifetoe the Cudgeller (Armataur Berserker)        Turns: 2404, Time: 00:03:11

Health: -3/66      AC:  8    Str: 25    XL:     5   Next: 82%
Magic:  5/5        EV:  6    Int:  7    God:    Trog [**....]
Gold:   137        SH:  0    Dex:  9    Spells: 4/4 levels left

rFire   . . .        w - +2 flail (drain)
rCold   . . .        (no shield)
rNeg    . . .        i - +0 chain mail
rPois   .            (no helmet)
rElec   .            d - +0 cloak
rCorr   .            (no gloves)
SInv    .            (no barding)
Will    .....        (no amulet) Stlth
                     (no ring)
HPRegen 0.31/turn    (no ring)
MPRegen 0.09/turn

%: roll
@: berserking, lethally poisoned (-3 -> -4), very quick
A: large, rugged brown scales 3, deformed body, armoured tail, roll, long
tongue, awkward tongue
a: Renounce Religion, Berserk, Trog's Hand


You were on level 4 of the Dungeon.
You worshipped Trog.
Trog was pleased with you.
You visited 1 branch of the dungeon, and saw 4 of its levels.

You collected 137 gold pieces.

Inventory:

Hand Weapons
 a - a +0 mace
 w - a +2 flail of draining (weapon)
Armour
 d - a +0 cloak (worn)
 i - a +0 chain mail (worn)
 n - the +1 leather armour "Qucluec" {rC+ MP+9 SInv}
   (You found it on level 2 of the Dungeon)

   rC+:       It protects you from cold.
   MP+9:      It affects your magic capacity (+9).
   SInv:      It lets you see invisible.
Scrolls
 e - a scroll of fog {unknown}
 j - a scroll of noise {unknown}
 m - 2 scrolls of vulnerability
 o - a scroll of teleportation {unknown}
 p - a scroll of enchant armour {unknown}
 s - a scroll of poison {unknown}
Potions
 c - a potion of heal wounds {unknown}
 f - 2 potions of berserk rage
 g - a potion of mutation {unknown}
 k - a potion of attraction {unknown}
 l - a potion of brilliance {unknown}
 q - 3 potions of curing
 r - a potion of resistance {unknown}
 t - a potion of enlightenment {unknown}
 u - a potion of haste {unknown}
 v - a potion of lignification {unknown}


   Skills:
 - Level 2.6 Fighting
 + Level 6.0 Maces & Flails
 - Level 2.4 Armour
 - Level 1.3 Dodging


You had 4 spell levels left.
You didn't know any spells.
Your spell library was empty.

Dungeon Overview and Level Annotations

Branches:
Dungeon (4/15)
 Temple: D:4-7

Altars:
Vehumet

Annotations:
D:4 Grinder


Innate Abilities, Weirdness & Mutations

You are completely covered in rugged brown scales. (AC +3, +7% HP)
Armour fits poorly on your strangely shaped body.
You have a long armoured tail.
You roll when moving toward enemies. (Rampage)
Your long tongue fully drains potion bottles. (2x potion effects)
Your tongue gives you trouble enunciating. (1.5x scroll delay)


Message History

You see here a +0 short sword.
You sock the quokka!
You kill the quokka!
Trog accepts your kill.
There is a stone staircase leading down here.
You see here 2 potions of degeneration.
HP restored.
You climb downwards.
Level annotation: Grinder An adder comes into view.
There is a stone staircase leading up, spattered with blood here.
You roll towards Grinder!
The adder hisses angrily.
You roll towards Grinder!
Grinder hits you.
You writhe in agony.
You closely miss Grinder.
Your tail-slap misses Grinder.
Grinder hits you but does no damage.
You closely miss Grinder. Grinder hits you!
You writhe in agony.
You sock Grinder!
Grinder is moderately wounded.
Grinder hits you.
You writhe in agony.
The adder bites you.
You are poisoned.
The adder poisons you!
You hit Grinder but do no damage.
Grinder is moderately wounded.
You feel sick. The adder bites you but does no damage.
Grinder hits you but does no damage.
Unknown command.
A red film seems to cover your vision as you go berserk!
You feel yourself moving faster!
You feel mighty!
You feel sick. The adder barely misses you. Grinder hits you!
* * * LOW HITPOINT WARNING * * *
You writhe in agony.
* * * LOW HITPOINT WARNING * * *
The adder bites you but does no damage.
You thump Grinder!
Grinder is severely wounded.
Grinder gestures at you. Pain shoots through your body!
You die...
Grinder says, "Now the real fun starts!"

...........$....
#............
#......#........
###......# .....
.........# .....
...#......# .....
#..##.....###.....#
............#......
..#.5@...<.#.....
........S..[.......
....##.............
..#......#.....#...
. #...........## ..
###.........# .
##..........
..........#
.........#.


You could see Grinder and an adder.

Vanquished Creatures
  Edmund (D:4)
  2 adders
  4 gnolls (D:3)
  2 worms
  4 dart slugs
  An orc (D:3)
  3 bats (D:1)
  7 endoplasms
  2 giant cockroaches
  4 goblins
  3 hobgoblins (D:1)
  7 kobolds
  4 quokkas
  2 ball pythons (D:1)
  7 frilled lizards
  8 rats
61 creatures vanquished.

Notes
Turn   | Place    | Note
-------+----------+-------------------------------------------
     0 | D:1      | strifetoe the Armataur Berserker began the quest for the
                  | Orb.
     0 | D:1      | Reached XP level 1. HP: 19/19 MP: 1/1
    48 | D:1      | Reached skill level 3 in Maces & Flails
    66 | D:1      | Reached XP level 2. HP: 16/21 MP: 2/2
   357 | D:1      | Reached XP level 3. HP: 17/28 MP: 3/3
   431 | D:1      | Reached ** piety under Trog
   440 | D:1      | Found a faded altar of an unknown god.
   440 | D:1      | Noticed a reaper
   456 | D:1      | Reached skill level 4 in Maces & Flails
   962 | D:2      | Identified the +1 leather armour "Qucluec" {rC+ MP+9 SInv}
  1533 | D:3      | Reached XP level 4. HP: 37/39 MP: 4/4
  1832 | D:3      | Found a radiant altar of Vehumet.
  1840 | D:3      | Reached skill level 5 in Maces & Flails
  2304 | D:4      | Noticed Edmund
  2316 | D:4      | Killed Edmund
  2317 | D:4      | Reached XP level 5. HP: 41/44 MP: 5/5
  2370 | D:4      | Noticed Grinder
  2370 | D:4      | Paralysed by Grinder for 4 turns
  2385 | D:3      | Reached skill level 6 in Maces & Flails
  2404 | D:4      | Killed from afar by Grinder

Illustrated notes

Levels and vault maps discovered:
D:1:      scummos_arrival_hexagon, layout_basic,
          dreamdust_ecumenical_altar_sealed_demon
D:2:      layout_basic
D:3:      minmay_door_path, layout_loops_ring, nicolae_vehumet_radiance,
          serial_forest, infiniplex_forest_clump_double,
          infiniplex_forest_end_3, infiniplex_forest_end_2,
          infiniplex_forest_end_3, infiniplex_forest_lined_corner,
          infiniplex_forest_lined_room_2, infiniplex_forest_clump_curved,
          infiniplex_forest_lined_4_way
D:4:      layout_cave_pools, uniq_edmund, uniq_grinder, uniq_blork_the_orc

Skill      XL: |  1  2  3  4  5 |
---------------+----------------+-----
Maces & Flails | 3 4 5 6 |  6.0
Fighting       | |  2.6
Armour         | |  2.4
Dodging        | |  1.3

Action                     |  1- 3 |  4- 6 || total
---------------------------+-------+-------++-------
  Melee: Mace              |   106 |    52 ||   158
         Tailslap          |    11 |     6 ||    17
         Punch             |       |     2 ||     2
         Flail             |       |     9 ||     9
 Invoke: Berserk           |     2 |     2 ||     4
         Trog's Hand       |       |     1 ||     1
    Use: Scroll            |       |     4 ||     4
 Armour: Scale mail        |    72 |       ||    72
         Chain mail        |    28 |    60 ||    88
  Dodge: Dodged            |    42 |    13 ||    55

Table legend: (Time is in decaauts)
 A = Elapsed time spent in this place.
 B = Non-inter-level travel time spent in this place.
 C = Inter-level travel time spent in this place.
 D = Time resting spent in this place.
 E = Time spent auto-exploring this place.
 F = Levels seen in this place.
 G = Mean time per level.
                   A        B        C        D        E       F      G
               +--------+--------+--------+--------+--------+-----+--------+
         Total |   2449 |   2392 |     57 |    189 |   1724 |   4 |  612.2 |
       Dungeon |   2449 |   2392 |     57 |    189 |   1724 |   4 |  612.2 |
               +--------+--------+--------+--------+--------+-----+--------+

Top non-repeatable levels by time:
     D:3: 1168 daAuts
     D:2: 702 daAuts
     D:1: 524 daAuts
     D:4: 54 daAuts
